 Dungeon Crawl Stone Soup version 0.21-a0-426-g98080a9 (webtiles) character file.

291 dricus the Magician (level 6, 0/32 HPs)
             Began as a Gargoyle Fire Elementalist on Nov 5, 2017.
             Was an Initiate of Vehumet.
             Slain by a worker ant (4 damage)
             ... in the Ecumenical Temple.
             The game lasted 00:07:39 (4047 turns).

dricus the Magician (Gargoyle Fire Elementalist)    Turns: 4047, Time: 00:07:40

Health: 0/32       AC:  7    Str: 12    XL:     6   Next: 32%
Magic:  3/12       EV: 12    Int: 17    God:    Vehumet [......]
Gold:   139        SH:  2    Dex: 10    Spells: 5/13 levels left

rFire    . . .     SeeInvis .   b - +0 hunting sling
rCold    + . .     Gourm    .   (no shield)
rNeg     + . .     Faith    .   g - +0 robe
rPois    ∞         Spirit   .   i - +0 helmet
rElec    +         Reflect  +   (no cloak)
rCorr    .         Harm     .   (no gloves)
MR       .....                  (no boots)
Stlth    ++........             q - +2 amulet of reflection
HPRegen  0.10/turn              n - ring of protection from cold
MPRegen  0.13/turn              (no ring)

@: very slightly contaminated
A: negative energy resistance 1, electricity resistance, unbreathing,
petrification resistance, rot immunity, AC +4
a: Renounce Religion


You were in the Ecumenical Temple.
You worshipped Vehumet.
Vehumet was noncommittal.
You were not hungry.

You visited 2 branches of the dungeon, and saw 5 of its levels.

You collected 139 gold pieces.

Inventory:

Hand Weapons
 a - a +0 dagger
 b - a +0 hunting sling (weapon)
Missiles
 k - 113 stones (quivered)
 y - a throwing net
Armour
 g - a +0 robe (worn)
 i - a +0 helmet (worn)
Jewellery
 n - a ring of protection from cold (left hand)
 q - a +2 amulet of reflection (around neck)
 t - an uncursed ring of ice
Scrolls
 e - a scroll of enchant armour {unknown}
 f - a scroll of teleportation {unknown}
 o - 2 scrolls of remove curse
 s - a scroll of fear {unknown}
 w - a scroll of noise {unknown}
 x - a scroll of fog {unknown}
Potions
 h - a potion of resistance
 m - 2 potions of curing {@q9}
 v - a potion of agility {unknown}
 z - 3 potions of haste
Books
 l - a book of Flames

   Spells                             Type                      Level
   a - Flame Tongue                   Conjuration/Fire             1
   b - Throw Flame                    Conjuration/Fire             2
   c - Conjure Flame                  Conjuration/Fire             3
   d - Inner Flame                    Hexes/Fire                   3
   e - Sticky Flame                   Conjuration/Fire             4
   f - Fireball                       Conjuration/Fire             5
Comestibles
 c - 4 bread rations
 d - 3 royal jellies
 j - 3 fruits
 r - 2 meat rations


   Skills:
 - Level 1.5 Dodging
 - Level 2.1 Stealth
 * Level 4.4 Spellcasting
 + Level 3.4 Conjurations
 + Level 4.2 Fire Magic


You had 5 spell levels left.
You knew the following spells:

 Your Spells              Type           Power        Failure   Level  Hunger
a - Flame Tongue          Conj/Fire      ###..        3%          1    None
b - Conjure Flame         Conj/Fire      ###.....     10%         3    ###....
c - Sticky Flame          Conj/Fire      ###.....     30%         4    ####...


Dungeon Overview and Level Annotations

Branches:
Dungeon (4/15)             Temple (1/1) D:4

Altars:
Cheibriados
Dithmenos
Fedhas
Hepliaklqana
Makhleb
Okawaru
Sif Muna
Vehumet
Xom

Annotations:
D:4 Robin


Innate Abilities, Weirdness & Mutations

You are resistant to torment.
Your stone body is resilient. (AC +4)
You are immune to poison.
You resist negative energy. (rN+)
You are resistant to electric shocks. (rElec)
You can survive without breathing.
You are immune to petrification.
You are immune to rotting.


Message History

The worker ant bites you.
* * * LOW HITPOINT WARNING * * *
You hear the quick hiss of a distant avalanche of sand.
The worker ant bites you.
* * * LOW HITPOINT WARNING * * *
The worker ant bites you.
* * * LOW HITPOINT WARNING * * *
There is a dry fountain here.
There is a staircase to the Ecumenical Temple here.
The worker ant misses you.
You climb downwards.
Welcome back to the Ecumenical Temple!
There is a staircase back to the Dungeon here.
Firing (i - inventory. (,) - cycle):
k - 114 stones (quivered)
Press: ? - help, Shift-Dir - straight line, f - worker ant
Aim: a worker ant (almost dead)
You shoot a stone. The stone hits the worker ant.
The worker ant is almost dead.
The worker ant bites you but does no damage.
The worker ant bites you.
You die...

≈≈≈...........................≈§≈
≈§≈≈........................§§≈≈≈
≈≈≈≈§§......................≈≈§≈≈
§§≈≈§§§..._..........._....≈≈≈≈≈≈
§≈≈≈§§§§..................≈≈≈≈§≈≈
§§≈≈≈≈§≈.................§≈≈≈§§≈≈
§§≈≈≈≈≈≈≈...............≈§≈≈§§§§≈
≈§≈≈≈≈≈§≈≈.............≈§≈≈≈≈§≈§§
§≈≈≈≈≈≈≈≈≈≈.....@.....≈§§≈§§§≈≈§§
≈§≈≈§§≈≈§≈≈≈.....a...≈§§≈≈≈§§§§§≈
≈≈§≈§§§§§≈≈≈§.......§≈§≈§≈≈§≈≈≈≈≈
≈§§§§§§§≈≈≈≈≈.....≈§§§§§≈≈≈≈§≈≈
≈§≈§§≈§§≈≈≈≈≈≈...≈≈≈≈§≈§§§§≈§≈
≈≈§§≈≈≈§≈≈≈≈§§≈§≈≈≈≈§≈≈≈≈≈§≈
≈§≈≈§≈≈§§≈≈≈≈≈§≈≈§§§§≈≈≈§≈§
≈≈≈§≈≈≈≈≈§≈≈≈≈≈§§≈§≈≈≈≈≈§
≈≈≈≈≈§§§≈≈§§§≈≈≈≈§§≈≈≈


You could see a worker ant.

Vanquished Creatures
  Blork the orc (D:4)
  2 worker ants (D:4)
  Natasha (thrice) (D:3)
  4 adders
  An ooze (D:1)
  2 worms (D:2)
  A dart slug (D:3)
  A leopard gecko (D:1)
  A giant cockroach (D:3)
  6 goblins
  8 hobgoblins
  7 jackals
  7 kobolds
  2 quokkas (D:2)
  4 bats
  4 frilled lizards
  4 rats
58 creatures vanquished.

Notes
Turn   | Place    | Note
-------+----------+-------------------------------------------
     0 | D:1      | dricus the Gargoyle Fire Elementalist began the quest for the Orb.
     0 | D:1      | Reached XP level 1. HP: 10/10 MP: 3/3
   418 | D:1      | Reached XP level 2. HP: 14/15 MP: 0/5
  1277 | D:2      | Reached XP level 3. HP: 19/19 MP: 3/6
  1282 | D:2      | Learned a level 3 spell: Conjure Flame
  1994 | D:2      | Reached XP level 4. HP: 24/24 MP: 4/8
  2022 | D:2      | Learned a level 4 spell: Sticky Flame
  2802 | D:3      | Noticed Natasha
  2808 | D:3      | Killed Natasha
  2928 | D:3      | Noticed Natasha
  2936 | D:3      | Killed Natasha
  2936 | D:3      | Reached XP level 5. HP: 11/28 MP: 4/10
  3257 | D:3      | Noticed Natasha
  3261 | D:3      | Killed Natasha
  3526 | D:4      | Found a staircase to the Ecumenical Temple.
  3535 | Temple   | Entered the Ecumenical Temple
  3873 | Temple   | Became a worshipper of Vehumet
  3988 | D:4      | Noticed Blork the orc
  4002 | D:4      | Killed Blork the orc
  4002 | D:4      | Reached XP level 6. HP: 17/32 MP: 1/12
  4003 | D:4      | Noticed Robin
  4047 | Temple   | Slain by a worker ant

Vault maps used:
D:1:      dpeg_arrival_round_c
D:2:      grunt_decor_one_mirror, corner_web_ring
D:3:      uniq_natasha
D:4:      kennysheep_spiral_hall, minmay_temple_entry_junction, first_bread,
          serial_shops, nicolae_shop_statue_plus, nicolae_ossuary_entry_giza,
          hangedman_abyss_or_decor_stagger, uniq_blork_the_orc, uniq_robin,
          uniq_ijyb
Temple:   compressed_dpeg_triangle_lava_temple

Skill      XL: |  1  2  3  4  5 |
---------------+----------------+-----
Conjurations   | 2 3 |  3.4
Spellcasting   | 3 4 |  4.4
Fire Magic     | 4 |  4.2
Dodging        | |  1.5
Stealth        | |  2.1

Action                   |  1- 3 |  4- 6 || total
-------------------------+-------+-------++-------
Melee: Dagger            |     6 |    11 ||    17
       Unarmed           |     6 |       ||     6
 Fire: Hunting sling     |     4 |    37 ||    41
Throw: Stone             |     2 |     5 ||     7
 Cast: Flame Tongue      |    62 |    55 ||   117
  Use: Scroll            |       |     5 ||     5
       Potion            |       |     2 ||     2
  Eat: Chunk             |     4 |     6 ||    10
Armor: Robe              |     6 |    21 ||    27
Dodge: Dodged            |    34 |    35 ||    69

Table legend:
 A = Spawn XP
 B = Non-spawn XP
 C = Spawn XP percentage of total XP
 D = Spawn monster count
 E = Non-spawn monster count
 F = Spawn count percentage of total count
 G = Total turns spent on level
                    A         B        C        D         E        F      G
               +---------+---------+-------+---------+---------+-------+---------
         Total |       0 |     417 |   0.0 |       0 |      58 |   0.0 |  4047
               +---------+---------+-------+---------+---------+-------+---------
           D:1 |       0 |      33 |   0.0 |       0 |      15 |   0.0 |  1198
           D:2 |       0 |      63 |   0.0 |       0 |      21 |   0.0 |  1210
           D:3 |       0 |     151 |   0.0 |       0 |      16 |   0.0 |  1099
           D:4 |       0 |     170 |   0.0 |       0 |       6 |   0.0 |   189
               +---------+---------+-------+---------+---------+-------+---------
